 Dungeon Crawl Stone Soup version 0.30.0-10-gfe55d96785 (webtiles) character file.

Game seed: 15212738977417097756

20 Pimp the Shooter (level 2, -5/17 HPs)
             Began as a Tengu Hunter on May 15, 2023.
             Slain by Sigmund
             ... wielding a +0 scythe
              (10 damage)
             ... on level 2 of the Dungeon.
             The game lasted 00:00:53 (294 turns).

Pimp the Shooter (Tengu Hunter)                      Turns: 294, Time: 00:00:53

Health: -5/17      AC:  4    Str: 11    XL:     2   Next: 79%
Magic:  3/3        EV: 12    Int:  9    God:
Gold:   49         SH:  0    Dex: 17    Spells: 1/1 levels left

rFire   . . .        a - +0 shortbow
rCold   . . .        (shield currently unavailable)
rNeg    . . .        c - +1 leather armour
rPois   .            (helmet restricted)
rElec   .            (no cloak)
rCorr   .            (no gloves)
SInv    .            (boots unavailable)
Will    .....        (no amulet)
Stlth   +            (no ring)
HPRegen 0.22/turn    (no ring)
MPRegen 0.08/turn

%: no passive effects
@: confused
A: beak, talons 3
a: no special abilities


You were on level 2 of the Dungeon.
You visited 1 branch of the dungeon, and saw 2 of its levels.

You collected 49 gold pieces.

Inventory:

Hand Weapons
 a - a +0 shortbow (weapon)
Armour
 c - a +1 leather armour (worn)
Scrolls
 b - a scroll of immolation
 d - a scroll of vulnerability {unknown}
 e - a scroll of fog {unknown}
 f - 2 scrolls of enchant weapon {unknown}


   Skills:
 + Level 2.3 Fighting
 + Level 4.6 Ranged Weapons
 + Level 2.5 Dodging
 + Level 1.7 Stealth


You had one spell level left.
You didn't know any spells.
Your spell library was empty.

Dungeon Overview and Level Annotations

Branches:
Dungeon (1/15)

Altars:

Annotations:
D:2 Sigmund


Innate Abilities, Weirdness & Mutations

You have a beak for a mouth.
You have claws for feet.


Message History

Found a leather armour and 9 gold pieces.
Sigmund is nearby!
You shoot an arrow.
The arrow hits Sigmund but does no damage.
Sigmund shouts!
You shoot an arrow. The arrow hits Sigmund.
Sigmund is lightly wounded.
You shoot an arrow. The arrow barely misses Sigmund.
You shoot an arrow.
The arrow hits Sigmund but does no damage.
Sigmund is lightly wounded.
Sigmund casts a spell at you. The magic dart hits you!
Sigmund casts a spell at you.
You are confused.
You are too confused!
You aren't carrying any potions.
You bump into the rock wall.
Sigmund gestures at you while chanting.
You are more confused.
Sigmund misses you.
You bump into the rock wall.
Sigmund breathes a few words.
Sigmund's hands start flickering wildly.
You're too confused to move!
Sigmund hits you from afar with a +0 scythe.
A worm comes into view.
Sigmund hits you with a +0 scythe.
You bump into the rock wall.
Sigmund closely misses you.
Unknown command.
You feel less confused. Sigmund hits you with a +0 scythe.
* * * LOW HITPOINT WARNING * * *
Sigmund gestures at you while chanting.
You are confused.
You bump into the rock wall.
Sigmund hits you with a +0 scythe!
Ouch! That really hurt!
You die...

........[#
#....?.#####....
.........####...##...#...#
.................w...#..#
.........# ####.#.#.(..##
......... #.#.#.#.##
....... #.....#... #...#
##...###### #.#.###
#@..#####
#.....#######@.......
#....#..##............
#...##.##...............
##..#.⌠.#.#............#
#..##.##...##.........# #.
.#....###....#.#### #.
...#### #....#.# #####
#....# # #.#.##


You could see Sigmund and a worm.

Vanquished Creatures
  A dart slug (D:1)
  4 ball pythons
  3 endoplasms
  2 hobgoblins (D:1)
  A quokka (D:2)
  A bat (D:1)
  A frilled lizard (D:1)
  2 goblins (D:1)
  2 rats (D:1)
17 creatures vanquished.

Notes
Turn   | Place    | Note
-------+----------+-------------------------------------------
     0 | D:1      | Pimp the Tengu Hunter began the quest for the Orb.
     0 | D:1      | Reached XP level 1. HP: 12/12 MP: 2/2
    42 | D:1      | Reached XP level 2. HP: 16/17 MP: 3/3
   239 | D:1      | You fall into a shaft and drop 1 floor!
   270 | D:2      | Noticed Sigmund
   294 | D:2      | Slain by Sigmund

Illustrated notes

Levels and vault maps discovered:
D:1:      psy_arrival_spokes, layout_basic,
          ebering_ecumenical_altar_sacrificial, serial_shops, shop
D:2:      layout_loops_cross, grunt_decor_one_mirror, uniq_jessica, uniq_sigmund

Action                     || total
---------------------------++-------
   Fire: Shortbow          ||    49
    Use: Scroll            ||     2
 Armour: Leather armour    ||     1
  Dodge: Dodged            ||    10
